[Event "Early-Titled-Tuesday-Blitz-April-23-2024"]
[Site "Chess.com"]
[Date "2024.04.23"]
[Round "11"]
[White "PonyQueen07"]
[Black "InitiatingASC"]
[Result "1-0"]
[WhiteElo "2231"]
[BlackElo "2331"]
[TimeControl "180+1"]
[EndTime "10:11:23 PDT"]
[Termination "PonyQueen07 won by checkmate"]

1. c4 e6 2. e4 c5 3. Nc3 a6 4. g3 Nf6 5. Bg2 Nc6 6. Nge2 Nd4 7. O-O d6 8. d3 Be7 9. Be3 e5 10. h3 Nd7 11. f4 f6 12. Nd5 Nxe2+ 13. Qxe2 Nf8 14.
f5 Bd7 15. Qh5+ g6 16. fxg6 Nxg6 17. Bh6 Kf7 18. Bg5 Be6 19. Bxf6 Bxf6 20. Rxf6+ Qxf6 21. Nxf6 Kxf6 22. Rf1+ Kg7 23. Qg5 Raf8 24. h4 h6 25. Qe3 Rxf1+ 26. Bxf1 Rf8 27. Be2 Bd7 28. Bh5 Ne7 29. g4 Rf4 30. g5 Ng6 31. Bxg6 Kxg6 32. gxh6 Kxh6 33. Kh2 Kh5 34. Qe2+ Kxh4 35. Qe1+ Kh5 36.
Qa5 Bc6 37. Qd8 Kg4 38. Qxd6 Kf3 39. Qxc5 Rh4+ 40. Kg1 Rg4+ 41. Kf1 Rf4 42. Ke1 Rg4 43. Qf2# 1-0

[Event "Early-Titled-Tuesday-Blitz-April-23-2024"]
[Site "Chess.com"]
[Date "2024.04.23"]
[Round "11"]
[White "pfalcon1949"]
[Black "BenchGM"]
[Result "0-1"]
[WhiteElo "1973"]
[BlackElo "2233"]
[TimeControl "180+1"]
[EndTime "10:11:23 PDT"]
[Termination "BenchGM won by checkmate"]

1. e4 c5 2. Nf3 e6 3. d4 cxd4 4. Nxd4 Nc6 5. Nc3 Qc7 6. Be3 a6 7. a3 b5 8. Qf3 Bb7 9. Qg3 Ne5 10.
f4 Nc4 11. Bxc4 Qxc4 12. O-O-O Nf6 13. e5 Ne4 14. Nxe4 Bxe4 15. c3 b4 16. axb4 a5 17. Nc2 axb4 18. Rd4 Qc6 19. Nxb4 Bxb4 20. Rxb4 O-O 21. Rd1 Ra1+ 22. Kd2 Qd5+ 23. Rd4 Rxd1+ 24. Kxd1 Qb3+ 25. Ke2 Qxb2+ 26. Rd2 Qb5+ 27. Kf2 Ra8 28.
f5 Ra1 29. Re2 Bxf5 30. Bh6 Bg6 31. h4 gxh6 32. h5 Qd3 33. hxg6 Qxg3+ 34. Kxg3 hxg6 35. Rb2 Rc1 36. Rb8+ Kg7 37. Rd8 Rxc3+ 38. Kg4 h5+ 39. Kh4 Kh6 40. Rh8+ Kg7 41. Rd8 Re3 42. Rxd7 Rxe5 43. g3 Re3 44. Kh3 Kf6 45. Rb7 g5 46. Rb6 Kg6 47. Rb5 Re2 48. Rb4 g4+ 49. Rxg4+ hxg4+ 50. Kxg4 f5+ 51. Kh3 Kg5 52. g4 fxg4+ 53. Kg3 Re3+ 54. Kg2 Ra3 55. Kf2 Kf4 56. Kg2 Ra2+ 57.
Kf1 Ke3 58. Ke1 Ra1# 0-1

[Event "Early-Titled-Tuesday-Blitz-April-23-2024"]
[Site "Chess.com"]
[Date "2024.04.23"]
[Round "11"]
[White "Lady_Nika"]
[Black "Ginger_GM"]
[Result "1/2-1/2"]
[WhiteElo "2497"]
[BlackElo "2662"]
[TimeControl "180+1"]
[EndTime "10:11:26 PDT"]
[Termination "Game drawn by repetition"]

1. d4 e6 2. e3 f5 3. f4 Nf6 4. Nf3 b6 5. c3 Bb7 6. Bd3 c5 7. O-O Be7 8. Nbd2 O-O 9. Qe2 Ne4 10. Rd1 Qe8 11. a4 a6 12. Ne5 d6 13. Nec4 Nd7 14. Nxe4 fxe4 15. Bc2 d5 16. Ne5 Nxe5 17. fxe5 c4 18.
Bd2 b5 19. Rf1 Rxf1+ 20. Kxf1 Bc6 21. axb5 axb5 22. Qd1 Rxa1 23. Qxa1 Qa8 24. Qxa8+ Bxa8 25. Ke2 Kf7 26. Kf2 Bh4+ 27. g3 Be7 28. Bd1 Bc6 29.
Bc2 Ke8 30. Bd1 Kd8 31. Ke2 Kc7 32. Ke1 Kb6 33. Bg4 Bd7 34. Kd1 b4 35. cxb4 Kb5 36.
Bc3 Bxb4 37. Kd2 Be7 38. Bd1 g6 39. Bc2 h5 40. Bd1 Bb4 41. h3 Ka5 42. Kc1 Ba4 43.
Be2 Kb5 44. Kd2 Be7 45. Bf1 Bb3 46. Be2 Ba2 47. Kc2 Bg5 48. Bd2 Bb3+ 49. Kc1 Kc6 50. g4 h4 51. Bf1 Be7 52. Be2 Kb5 53. Be1 Ka4 54. Kb1 g5 55. Kc1 Bb4 56. Bd2 Ba2 57. Bd1+ Kb5 58. Bc2 Bb3 59. Bxb3 cxb3 60. Bxb4 Kxb4 61.
Kd2 Kc4 62. Ke2 Kb4 63. Kd2 Kc4 64. Ke2 Kb4 65. Kd2 1/2-1/2

[Event "Early-Titled-Tuesday-Blitz-April-23-2024"]
[Site "Chess.com"]
[Date "2024.04.23"]
[Round "11"]
[White "joshdaruca"]
[Black "Iskusnyh"]
[Result "1/2-1/2"]
[WhiteElo "2745"]
[BlackElo "2647"]
[TimeControl "180+1"]
[EndTime "10:11:28 PDT"]
[Termination "Game drawn by repetition"]

1. e4 e6 2. d4 d5 3. Nc3 Nf6 4. e5 Nfd7 5. f4 c5 6. Nf3 Nc6 7. Be3 Rb8 8. Qd2 Qa5 9. Bd3 b5 10.
O-O b4 11. Nd1 cxd4 12. Nxd4 Nxd4 13. Bxd4 Bc5 14. Bf2 Ba6 15. a3 Bxd3 16. cxd3 Bxf2+ 17. Rxf2 O-O 18. d4 f6 19. Ne3 fxe5 20. fxe5 Rxf2 21. Kxf2 Qd8 22. axb4 Qf8+ 23. Kg1 Qxb4 24. Qxb4 Rxb4 25. Rxa7 Nf8 26. Nc2 Rxb2 27. Rc7 h5 28. Kf2 Ng6 29. g3 h4 30. Kf3 Kf8 31. Kg4 hxg3 32. hxg3 Ne7 33.
Kg5 Rb3 34. g4 Rd3 35. Rb7 Rd2 36. Rc7 Rd3 37. Kf4 Ng6+ 38. Kg5 Ne7 1/2-1/2

[Event "Early-Titled-Tuesday-Blitz-April-23-2024"]
[Site "Chess.com"]
[Date "2024.04.23"]
[Round "11"]
[White "Seochesspie"]
[Black "Incognito_Knight"]
[Result "1-0"]
[WhiteElo "2911"]
[BlackElo "2756"]
[TimeControl "180+1"]
[EndTime "10:11:30 PDT"]
[Termination "Seochesspie won on time"]

1. d4 Nf6 2. c4 c5 3. Nf3 cxd4 4.
Nxd4 a6 5. Nc3 e6 6. g3 d5 7.
cxd5 Nxd5 8. Qb3 Nxc3 9. bxc3 e5 10. Nf3 Be6 11. Qxb7 Bd5 12. Qb1 Nc6 13. Bg2 Be7 14.
O-O e4 15. Nd4 Nxd4 16. cxd4 f5 17. Bf4 O-O 18. Be5 Bf6 19. Bxf6 Qxf6 20. e3 Rab8 21. Qc1 h5 22. Qc5 Bf7 23. Rfc1 h4 24. Qc6 hxg3 25. hxg3 Rb6 26. Qxf6 Rxf6 27. a4 Rb8 28. a5 Rb5 29. Rc2 Rb4 30. Bf1 g5 31. Rc8+ Kg7 32. Ra8 Bc4 33.
Bxc4 Rxc4 34. Rb1 Ra4 35. Rb7+ Kg6 36. Rg8+ Kh6 37. Rb6 Rxb6 38. axb6 Rb4 39. Rb8 a5 40. b7 Kg7 41. Kg2 a4 42. g4 f4 43. Ra8 Rxb7 44.
Rxa4 Rb2 45. exf4 gxf4 46. d5 Re2 47. Rd4 Kf6 48. d6 f3+ 49. Kg3 e3 50. d7 1-0

[Event "Early-Titled-Tuesday-Blitz-April-23-2024"]
[Site "Chess.com"]
[Date "2024.04.23"]
[Round "11"]
[White "Larkin-Vladislav"]
[Black "Meri-Arabidze"]
[Result "0-1"]
[WhiteElo "2848"]
[BlackElo "2678"]
[TimeControl "180+1"]
[EndTime "10:11:30 PDT"]
[Termination "Meri-Arabidze won on time"]

1. e4 c5 2. Nf3 e6 3. b3 Nc6 4. Qe2 a6 5. Bb2 Nf6 6. e5 Nd5 7. g3 Be7 8. Bg2 b5 9. c4 Nb6 10. d4 bxc4 11. bxc4 cxd4 12. Nxd4 Bb4+ 13. Nd2 Bxd2+ 14.
Qxd2 Nxc4 15. Nxc6 Nxd2 16. Nxd8 Rb8 17. Bc3 Nc4 18. Nb7 Rxb7 19. Bxb7 Bxb7 20. O-O O-O 21. Rab1 Bd5 22. Rfd1 h5 23. Rd4 Rc8 24. Rh4 g6 25. Rd1 Ne3 26. fxe3 Rxc3 27. Re1 Rc2 28. Ra4 Rg2+ 29. Kf1 Rxh2 30. Re2 Rh1+ 31. Kf2 Kg7 32. e4 Bc6 33. Ra5 Bb5 34. Rd2 Ra1 35. Ke3 g5 36.
Kd4 Rg1 37. a4 Bc6 38. Kc5 Rxg3 39. Rxa6 h4 40. a5 h3 41. Rxc6 Rc3+ 42. Kb5 dxc6+ 43. Kb6 g4 44. a6 Ra3 45. a7 Kg6 46. Rd3 Rxa7 47.
Kxa7 h2 0-1

[Event "Early-Titled-Tuesday-Blitz-April-23-2024"]
[Site "Chess.com"]
[Date "2024.04.23"]
[Round "11"]
[White "Jojo_898"]
[Black "AljoschaFeuerstack"]
[Result "0-1"]
[WhiteElo "2456"]
[BlackElo "2610"]
[TimeControl "180+1"]
[EndTime "10:11:30 PDT"]
[Termination "AljoschaFeuerstack won on time"]

1. e4 c6 2. d4 d5 3. Nc3 a6 4.
Nf3 Bg4 5. Be2 e6 6. Bf4 Bb4 7.
Qd2 dxe4 8. Ng5 Bxe2 9. Qxe2 Qxd4 10. O-O Nf6 11. Rad1 Qb6 12. Ncxe4 Nxe4 13. Nxe4 O-O 14.
Qh5 Qb5 15. Qh3 Qf5 16. Qe3 a5 17. a3 Be7 18. Ng3 Qxc2 19. Be5 Qg6 20. Qb6 Na6 21.
Qxb7 Bf6 22. Bxf6 Qxf6 23. Rd6 Nc5 24. Qb6 Na4 25. Qxc6 Nxb2 26. h3 g6 27. Ne4 Qe5 28. Qc2 Rac8 29. Qb1 Nc4 30. Rd7 Nxa3 31. Qa2 Qxe4 32.
Qxa3 Qb4 33. Qf3 Qc3 34. Qf4 Rc4 35. Qh6 a4 36. Rfd1 Rcc8 37. Ra7 a3 38. Rdd7 Qa1+ 39. Kh2 a2 0-1

[Event "Early-Titled-Tuesday-Blitz-April-23-2024"]
[Site "Chess.com"]
[Date "2024.04.23"]
[Round "11"]
[White "MarlonJodar"]
[Black "jraosam"]
[Result "0-1"]
[WhiteElo "2267"]
[BlackElo "2024"]
[TimeControl "180+1"]
[EndTime "10:11:32 PDT"]
[Termination "jraosam won on time"]

1. e4 c5 2. Nf3 e6 3. d4 cxd4 4.
Nxd4 a6 5. c4 Qc7 6. a3 Nf6 7.
Nc3 b6 8. Be3 Bb7 9. Bd3 d5 10.
cxd5 exd5 11. exd5 Nxd5 12. Nxd5 Bxd5 13. O-O Bc5 14. b4 Bxd4 15. Bxd4 Qf4 16. Re1+ Kf8 17. Bxb6 Nd7 18. Be3 Qh4 19. Bxa6 Be6 20. Bb5 Qg4 21.
h3 Qxd1 22. Raxd1 Nf6 23. Bc5+ Kg8 24. a4 h6 25. Bc6 Rc8 26. b5 Bb3 27. a5 Bxd1 28.
Rxd1 h5 29. a6 Kh7 30. a7 Kg6 31. Ra1 Rxc6 32. bxc6 Ra8 33. Bd6 Ne8 34. Bh2 Kf6 35. Bb8 Ke6 36. Rd1 Ke7 37. Rd7+ Ke6 38. Rd8 Ke7 39. c7 Nxc7 40. Bxc7 Rxa7 41. Rc8 Kd7 42. Bb8 Ra1+ 43. Kh2 Kxc8 44. Be5 Ra2 45. Bxg7 Rxf2 46. Bd4 Rf5 47. Kg3 Rd5 48. Be3 Kd7 49. Kf3 Ke6 50.
g4 f6 0-1

[Event "Early-Titled-Tuesday-Blitz-April-23-2024"]
[Site "Chess.com"]
[Date "2024.04.23"]
[Round "11"]
[White "Martial2008"]
[Black "GMKrikor"]
[Result "0-1"]
[WhiteElo "2697"]
[BlackElo "2893"]
[TimeControl "180+1"]
[EndTime "10:11:36 PDT"]
[Termination "GMKrikor won by checkmate"]

1. d4 Nf6 2. Nf3 g6 3. Bg5 Bg7 4.
Nbd2 O-O 5. e4 d5 6. e5 Ne4 7. Bd3 Nxg5 8. Nxg5 c5 9. c3 Nc6 10. Ndf3 cxd4 11. cxd4 Qb6 12. h4 Nxd4 13. h5 Qxb2 14. Kf1 Nxf3 15. Nxf3 Bg4 16. Rb1 Qa3 17. Rh4 Bxf3 18. Qxf3 e6 19. hxg6 hxg6 20. g3 Qe7 21. Qg4 Bxe5 22. Kg2 Kg7 23. Qe2 Bf6 24. Rhb4 b6 25.
Qg4 Rad8 26. R4b2 e5 27. f3 e4 28. fxe4 Bxb2 29. Rxb2 dxe4 30. Bxe4 Rd4 31. Re2 Re8 32. Bf3 Rxg4 33. Rxe7 Rxg3+ 34. Kxg3 Rxe7 35. a4 f5 36. Kf4 Kf6 37. Bc6 g5+ 38. Kf3 Rc7 39. Bb5 Ke5 40. Ke3 g4 41. Kf2 f4 42. Kg2 Rc3 43. Kf1 Rc2 44. Ke1 Rb2 45. Kd1 Kd4 46. Kc1 Rb4 47. Kc2 f3 48. Ba6 g3 49. a5 bxa5 50. Bd3 g2 51. Kd2 g1=Q 52. Be2 Qe3+ 53. Kc2 Qc3+ 54.
Kd1 Rb1# 0-1

[Event "Early-Titled-Tuesday-Blitz-April-23-2024"]
[Site "Chess.com"]
[Date "2024.04.23"]
[Round "11"]
[White "vedantgoswami"]
[Black "ragnaroek66"]
[Result "0-1"]
[WhiteElo "2386"]
[BlackElo "2534"]
[TimeControl "180+1"]
[EndTime "10:11:36 PDT"]
[Termination "ragnaroek66 won by resignation"]

1. Nf3 d5 2. d4 Nf6 3. Bf4 e6 4. e3 c5 5. c3 Nc6 6. Nbd2 cxd4 7. exd4 Nh5 8. Bg5 Qc7 9. Bd3 Bd6 10. O-O Nf4 11.
Bxf4 Bxf4 12. Re1 O-O 13. g3 Bh6 14. Qe2 f6 15. a3 Bd7 16. c4 dxc4 17. Bxc4 Rae8 18.
Ne4 Kh8 19. Nc5 Nxd4 20. Nxd4 Qxc5 21. Rad1 e5 22. Nb5 Bxb5 23. Bxb5 Rd8 24. Qc4 Qe7 25. Qb3 a6 26. Bd3 f5 27. Be2 e4 28.
Kg2 g6 29. f4 Bg7 30. Rxd8 Rxd8 31. Rd1 Rxd1 32. Bxd1 Qd7 33. Qc2 h6 34. Be2 Kh7 35. h3 Qd4 36. b3 Qd6 37. Bc4 g5 38. fxg5 hxg5 39. g4 Qf4 40. gxf5 Be5 41. Qe2 Qh2+ 42. Kf1 Qh1+ 43. Kf2 Bd4+ 44. Kg3 Qg1+ 45. Qg2 Be5+ 46. Kg4 Qxg2+ 0-1

[Event "Early-Titled-Tuesday-Blitz-April-23-2024"]
[Site "Chess.com"]
[Date "2024.04.23"]
[Round "11"]
[White "AnishOnYoutube"]
[Black "K_A_S_T_O_R"]
[Result "1/2-1/2"]
[WhiteElo "3057"]
[BlackElo "2880"]
[TimeControl "180+1"]
[EndTime "10:11:37 PDT"]
[Termination "Game drawn - insufficient material"]

1. Nf3 c5 2. c4 Nf6 3. Nc3 e6 4. e3 a6 5. d4 d5 6. cxd5 cxd4 7. Nxd4 Nxd5 8. Bd2 Be7 9. Be2 O-O 10. O-O Nf6 11. Bf3 Nbd7 12. Qc2 Ne5 13. Be2 Bd7 14. Qb3 Qb8 15.
h3 Rd8 16. Rfd1 Nc6 17. Nf3 h6 18. Rac1 Qa7 19. Bd3 Rac8 20. Ne4 Be8 21. Nxf6+ Bxf6 22. Be4 b5 23. Bc3 Bxc3 24. Rxc3 Ne7 25. Rxc8 Rxc8 26. Bb1 Qc7 27. Qd3 g6 28. Qd4 Nc6 29. Qf6 Qe7 30.
Qc3 Qb4 31. Qf6 Qe7 32. Qf4 Kg7 33. a3 Qf6 34. Qxf6+ Kxf6 35. Rc1 Ke7 36. Be4 Na7 37. Rxc8 Nxc8 38. Bb7 Nd6 39. Bxa6 f6 40. b3 e5 41. Nd2 Kd8 42. Nb1 Kc7 43. a4 bxa4 44. bxa4 Bxa4 45. Nc3 Bc6 46. Bd3 f5 47. g4 Kd7 48. f4 exf4 49. exf4 fxg4 50. hxg4 Bf3 51. g5 hxg5 52. fxg5 Nf7 53. Bxg6 Nxg5 54. Kf2 Bc6 55. Ke3 Kd6 56. Be4 Nxe4 57. Nxe4+ 1/2-1/2

[Event "Early-Titled-Tuesday-Blitz-April-23-2024"]
[Site "Chess.com"]
[Date "2024.04.23"]
[Round "11"]
[White "KorolDimitriy75"]
[Black "Slovineanu"]
[Result "1-0"]
[WhiteElo "2339"]
[BlackElo "2474"]
[TimeControl "180+1"]
[EndTime "10:11:37 PDT"]
[Termination "KorolDimitriy75 won by resignation"]

1. d4 Nf6 2. c4 e6 3. Nc3 d5 4. Bg5 c5 5. cxd5 cxd4 6. Qxd4 Nc6 7. Bxf6 Nxd4 8. Bxd8 Nc2+ 9. Kd2 Nxa1 10. Bh4 Bb4 11. Nf3 exd5 12. e3 f6 13. Bb5+ Bd7 14. Bxd7+ Kxd7 15. Rxa1 Rac8 16. Rc1 Rc4 17. a3 Ba5 18. b4 Bd8 19. Nxd5 Rxc1 20. Kxc1 h5 21. h3 g5 22. Bg3 Ke6 23. Nc3 h4 24. Nd4+ Kf7 25. Bh2 Kg6 26. e4 Bb6 27. Nf5 Bxf2 28. Kd2 Rd8+ 29. Nd5 Bb6 30. Kd3 g4 31. hxg4 Kg5 32. Bd6 Kxg4 33. Be7 Rd7 34. Bxf6 a5 35. Be5 axb4 36. axb4 Bf2 37.
Ke2 Bg3 38. Nf6+ Kg5 39. Nxd7 h3 40. Bxg3 hxg2 41. Kf2 b5 42. Kxg2 Kg4 43. Nd6 Kg5 44.
Nxb5 Kg4 45. Nc3 1-0

[Event "Early-Titled-Tuesday-Blitz-April-23-2024"]
[Site "Chess.com"]
[Date "2024.04.23"]
[Round "11"]
[White "Zurability"]
[Black "GelmanAlexander"]
[Result "1-0"]
[WhiteElo "2746"]
[BlackElo "2636"]
[TimeControl "180+1"]
[EndTime "10:11:38 PDT"]
[Termination "Zurability won on time"]

1. e4 c5 2. Nf3 e6 3. c3 b6 4.
d4 Bb7 5. Bd3 Nf6 6. e5 Nd5 7.
O-O cxd4 8. cxd4 Be7 9. Qe2 O-O 10. Qe4 g6 11. a3 Nc6 12. Bh6 f5 13. exf6 Rxf6 14. Qg4 Qc7 15. Nbd2 Nf4 16. Bb5 a6 17. Ne4 Rf5 18. Bc4 d5 19. Ng3 dxc4 20. Nxf5 Ne2+ 21.
Kh1 exf5 22. Qh3 Ncxd4 23. Nxd4 Nxd4 24. Rad1 Bf6 25. Rfe1 Qc6 26. f3 Re8 27. Qg3 Ne6 28.
Rd6 Qc8 29. Rxb6 Bd5 30. Qd6 Rd8 31. Qb4 c3 32. bxc3 Bxc3 33. Qe7 Rd7 34. Rb8 Qxb8 35. Qxd7 Bxe1 36. Qxd5 Qc8 37. g3 Bc3 38. Kg2 Bg7 39. Bf4 Kf7 40. Bd2 Qc5 41. Qd7+ Qe7 42. Qc6 Nc5 43.
Qd5+ Ne6 44. Bb4 1-0

[Event "Early-Titled-Tuesday-Blitz-April-23-2024"]
[Site "Chess.com"]
[Date "2024.04.23"]
[Round "11"]
[White "Thunderbolt135"]
[Black "PolandHussars"]
[Result "1-0"]
[WhiteElo "2692"]
[BlackElo "2595"]
[TimeControl "180+1"]
[EndTime "10:11:38 PDT"]
[Termination "Thunderbolt135 won by checkmate"]

1. b3 d5 2. Bb2 Bg4 3. h3 Bh5 4. Nf3 e6 5. g3 Bxf3 6. exf3 Nf6 7. Bg2 h5 8. h4 Bd6 9. f4 Nbd7 10. O-O Ng4 11. Re1 Bxf4 12. gxf4 Qxh4 13. Qf3 O-O-O 14. Qg3 Qe7 15. c4 c6 16. cxd5 cxd5 17. Nc3 Ndf6 18.
Rac1 Kb8 19. Nb5 h4 20. Qh3 a6 21. Nd4 Qd6 22. Nxe6 fxe6 23. Be5 Nxe5 24. fxe5 Qa3 25. exf6 gxf6 26. Qxe6 h3 27. Bf3 Qxa2 28. Qe3 f5 29. Qf4+ Ka8 30. b4 Qb2 31. Kh1 Qg7 32. b5 a5 33. b6 Qf6 34. Ra1 Qxb6 35. Reb1 Qa6 36. Be2 Qa7 37. Rb5 b6 38. Bf3 Qb7 39. Qd4 Rh6 40.
Bxd5 Rxd5 41. Qxd5 h2 42. Raxa5+ Kb8 43. Qxb7+ Kxb7 44. Ra2 Kc6 45. Rab2 Rh4 46. Rxf5 b5 47. Rfxb5 Rc4 48. R5b3 Kd5 49. Kxh2 Ra4 50. Rd3+ Ke4 51.
Re3+ Kf4 52. Kg2 Ra8 53. Kf1 Ra1+ 54. Ke2 Rc1 55. Rb4+ Kf5 56. Rbe4 Kf6 57. d4 Kf5 58. d5 Rc6 59. dxc6 Kg5 60. c7 Kf5 61. c8=Q+ Kg5 62. Qc5+ Kf6 63. Re6+ Kf7 64. Qc7+ Kg8 65. Re8# 1-0

[Event "Early-Titled-Tuesday-Blitz-April-23-2024"]
[Site "Chess.com"]
[Date "2024.04.23"]
[Round "11"]
[White "MIss_MIaMI"]
[Black "x-7171385435"]
[Result "1/2-1/2"]
[WhiteElo "2331"]
[BlackElo "2163"]
[TimeControl "180+1"]
[EndTime "10:11:39 PDT"]
[Termination "Game drawn by stalemate"]

1. e4 e5 2. Nf3 Nc6 3. d4 exd4 4. c3 dxc3 5. Bc4 Nf6 6. e5 d5 7. Bb3 Ne4 8. Bxd5 cxb2 9. Bxb2 Bb4+ 10. Kf1 Nd2+ 11.
Nbxd2 Qxd5 12. a3 Qd3+ 13. Kg1 Ba5 14. Rc1 Bg4 15. Qf1 O-O-O 16. Qxd3 Rxd3 17. Nc4 Rhd8 18. h3 Bxf3 19. gxf3 Rxf3 20. Kg2 Rf5 21. Ne3 Rg5+ 22. Kf3 Rd2 23. Kf4 h6 24. h4 Rxf2+ 25. Ke4 Rg3 26. Bc3 Re2 27. Bxa5 Rexe3+ 28. Kf4 Rgf3+ 29.
Kg4 Nxa5 30. Rc5 Nc6 31. Rd1 Rd3 32. e6 fxe6 33. Re1 Rfe3 34. Rf1 Rd4+ 35. Kh5 Re5+ 36. Rxe5 Nxe5 37. a4 Rxa4 38. Rf8+ Kd7 39. Rd8+ Kxd8 1/2-1/2

[Event "Early-Titled-Tuesday-Blitz-April-23-2024"]
[Site "Chess.com"]
[Date "2024.04.23"]
[Round "11"]
[White "rionelG"]
[Black "Arteler"]
[Result "1-0"]
[WhiteElo "2231"]
[BlackElo "2315"]
[TimeControl "180+1"]
[EndTime "10:11:40 PDT"]
[Termination "rionelG won on time"]

1. e4 e5 2. Nf3 d6 3. d4 exd4 4.
Nxd4 Nf6 5. Nc3 Be7 6. Bd3 O-O 7. O-O Nc6 8. Nxc6 bxc6 9. f4 d5 10. e5 Bc5+ 11. Kh1 Ng4 12. Qf3 Qh4 13. h3 Nf2+ 14. Kh2 Ng4+ 15. Kh1 f6 16. exf6 Rxf6 17.
Nxd5 Rh6 18. Ne3 Nxe3 19. Bxe3 Bxh3 20. Kg1 Bg4 21. Qe4 Qg3 22. Bxc5 Qh2+ 23. Kf2 Qh4+ 24. Ke3 Qg3+ 25. Kd2 Re6 26. Bc4 Re8 27. Rae1 Rd8+ 28. Kc1 Re8 29. Bxe6+ Rxe6 30. Qc4 Kf7 31. Re2 Bxe2 32.
Qc3 Bc4 33. Qxg3 Bxf1 34. f5 Re8 35. Bd4 g6 36. fxg6+ hxg6 37. Qf2+ Kg8 38. Qxf1 Rf8 39. Qe2 Rf7 40. Qe6 1-0

[Event "Early-Titled-Tuesday-Blitz-April-23-2024"]
[Site "Chess.com"]
[Date "2024.04.23"]
[Round "11"]
[White "Cipy77"]
[Black "AlainBruxelles"]
[Result "1-0"]
[WhiteElo "2564"]
[BlackElo "2353"]
[TimeControl "180+1"]
[EndTime "10:11:41 PDT"]
[Termination "Cipy77 won by resignation"]

1. a3 g6 2. c4 Bg7 3. Nf3 Nf6 4.
e3 O-O 5. b3 d5 6. Bb2 c6 7. cxd5 Nxd5 8. Bxg7 Kxg7 9. Be2 Nd7 10.
O-O N7f6 11. d3 h6 12. Qc2 e5 13. Nbd2 Be6 14. Nxe5 Qc7 15. Nef3 Rad8 16. Rfd1 Rfe8 17. Bf1 Bg4 18. h3 Be6 19. Nd4 Bc8 20. b4 Ne7 21.
Rac1 Nf5 22. Nxf5+ Bxf5 23. Nf3 Qd7 24. Nd4 Nd5 25.
Nxf5+ gxf5 26. d4 Nf6 27. g3 Ne4 28. Kh2 Qd6 29. Bd3 Re6 30. Bxe4 fxe4 31. Qc5 Qd7 32. Qxa7 h5 33. Qc5 h4 34. Qg5+ Rg6 35. Qe5+ f6 36.
Qxe4 hxg3+ 37. fxg3 Rh8 38. h4 Rg4 39. Qf3 f5 40. Rc5 Qd6 41. Re5 Qg6 42. Qf2 Qf6 43.
Rxf5 Rhxh4+ 44. gxh4 Rxh4+ 45. Kg2 Qg6+ 46. Kf1 Rh1+ 47.
Ke2 Qg4+ 48. Rf3 Rh3 49. Rg1 1-0

[Event "Early-Titled-Tuesday-Blitz-April-23-2024"]
[Site "Chess.com"]
[Date "2024.04.23"]
[Round "11"]
[White "Acva-Alenok"]
[Black "LamaChampetre"]
[Result "1-0"]
[WhiteElo "2353"]
[BlackElo "2230"]
[TimeControl "180+1"]
[EndTime "10:11:42 PDT"]
[Termination "Acva-Alenok won on time"]

1. d4 Nf6 2. c4 g6 3. Nf3 Bg7 4.
g3 d5 5. cxd5 Nxd5 6. Bg2 Nb6 7.
O-O Nc6 8. e3 e5 9. dxe5 Qxd1 10.
Rxd1 Nxe5 11. Nd4 O-O 12. Nc3 c6 13. b4 Nbc4 14. b5 Bg4 15. Rf1 c5 16. Nde2 Bf3 17. Rb1 Rab8 18. a4 b6 19. Nf4 Rfd8 20. Nfd5 Bxg2 21.
Kxg2 Nd3 22. Kg1 Rd7 23. e4 Rbd8 24. Bg5 f6 25. Bxf6 Bxf6 26. Nxf6+ Kf7 27. Nxd7 Rxd7 28.
Rbd1 Nde5 29. Rxd7+ Nxd7 30. Rd1 Nde5 31. Rd5 Ke6 32. Kg2 g5 33. Rd8 g4 34. Re8+ Kf7 35.
Ra8 h5 36. Rxa7+ Ke6 37. Ra6 Nf3 38. a5 1-0

[Event "Early-Titled-Tuesday-Blitz-April-23-2024"]
[Site "Chess.com"]
[Date "2024.04.23"]
[Round "11"]
[White "mapleaff"]
[Black "grantelgibbs"]
[Result "1-0"]
[WhiteElo "2271"]
[BlackElo "1952"]
[TimeControl "180+1"]
[EndTime "10:11:43 PDT"]
[Termination "mapleaff won by resignation"]

1. d4 d6 2. c4 g6 3. Nc3 c6 4. e4 Bg7 5. Be2 Qb6 6. Nf3 Bg4 7.
Na4 Qa5+ 8. Bd2 Qc7 9. Be3 Qa5+ 10. Nc3 Nf6 11. O-O O-O 12. h3 Bd7 13. a3 Qa6 14. b4 Qb6 15. Rc1 Qc7 16. Qb3 e5 17.
dxe5 dxe5 18. Bc5 Re8 19. Rfd1 Bf8 20. Be3 Nh5 21. c5 Be6 22. Bc4 Nf4 23. Bxf4 exf4 24. Ng5 Bxc4 25. Qxc4 h6 26. Nf3 Nd7 27. Rd3 Ne5 28.
Nxe5 Rxe5 29. Rcd1 Re7 30. Ne2 Rae8 31. f3 Qe5 32. Rd6 Kg7 33. Qd4 g5 34. Qxe5+ Rxe5 35. Rd7 R8e7 36. Rxe7 Rxe7 37. Nd4 Kf6 38. Nf5 Rc7 39.
Rd6+ Bxd6 40. cxd6 Rd7 41. Kf2 Ke5 42. Nxh6 Kxd6 43. Ng4 Ke6 44. Ke2 Rd4 45. Nf2 Rc4 46.
Kd3 Rc1 47. h4 Rg1 48. hxg5 Rxg2 49. Ng4 Rxg4 50. fxg4 Ke5 51. a4 b6 52. b5 cxb5 53.
axb5 Ke6 54. Kd4 Kd6 55. e5+ Ke6 56. Ke4 Kd7 57. Kxf4 Kc7 58. Kf5 a5 59. bxa6 b5 60.
e6 fxe6+ 61. Kxe6 b4 62. g6 b3 63. g7 b2 64. g8=Q b1=Q 65. Qf7+ Kc6 66. Qb7+ Qxb7 67.
axb7 Kxb7 68. g5 1-0

[Event "Early-Titled-Tuesday-Blitz-April-23-2024"]
[Site "Chess.com"]
[Date "2024.04.23"]
[Round "11"]
[White "DvaHrasta"]
[Black "Statham_01"]
[Result "1-0"]
[WhiteElo "2447"]
[BlackElo "2554"]
[TimeControl "180+1"]
[EndTime "10:11:44 PDT"]
[Termination "DvaHrasta won on time"]

1. c4 e5 2. g3 c6 3. d4 exd4 4. Qxd4 d5 5. Bg2 Nf6 6. Nf3 Na6 7. O-O Bc5 8. Qe5+ Be6 9. cxd5 cxd5 10. Bg5 Be7 11. Nc3 h6 12. Bxf6 Bxf6 13. Qf4 O-O 14. Rfd1 Qa5 15. Nd4 Bg5 16. Qf3 Rad8 17. a3 Nc7 18. b4 Qa6 19. Nb3 Bf6 20. Nc5 Qc6 21. Rac1 b6 22. Nb3 Nb5 23. Nxb5 Qxb5 24. Nd4 Qd7 25.
Nxe6 fxe6 26. Qd3 Qf7 27. f4 Kh8 28. Rc6 Rde8 29. Rdc1 Re7 30. Rc8 Rxc8 31. Rxc8+ Re8 32. Qa6 Rxc8 33. Qxc8+ Kh7 34. e4 Qh5 35. Qc2 Bd4+ 36. Kh1 Qg6 37. Bf3 a5 38. bxa5 bxa5 39. Kg2 h5 40. h4 Be3 41. f5 exf5 42. exf5 Qf6 43. Bxh5 Bb6 44. Bg6+ Kg8 45. Qc8+ Bd8 46. Qd7 d4 47.
Qe8+ Qf8 48. Bh7+ 1-0

[Event "Early-Titled-Tuesday-Blitz-April-23-2024"]
[Site "Chess.com"]
[Date "2024.04.23"]
[Round "11"]
[White "Elegance_Riks"]
[Black "Stanbad1"]
[Result "1-0"]
[WhiteElo "2791"]
[BlackElo "2641"]
[TimeControl "180+1"]
[EndTime "10:11:46 PDT"]
[Termination "Elegance_Riks won by checkmate"]

1. b3 Nf6 2. Bb2 g6 3. Nf3 Bg7 4.
g3 d6 5. d4 O-O 6. Bg2 c5 7. c4 Nc6 8. d5 Na5 9. O-O a6 10. Nbd2 b5 11. e4 Rb8 12. e5 Ng4 13.
Qe1 bxc4 14. exd6 exd6 15. Bxg7 Kxg7 16. bxc4 Re8 17. Qc1 Qf6 18. Qa3 Nb7 19. Rfe1 Bf5 20. h3 Ne5 21. Nxe5 Rxe5 22. Nf1 Nd8 23. Ne3 Bc8 24.
Rab1 Rxb1 25. Rxb1 Qe7 26. Qb2 f6 27. Qb8 Qd7 28.
Rb6 Nf7 29. Rc6 Re8 30. Rc7 Qd8 31. Qa7 Rf8 32. h4 h5 33. Bf3 Kg8 34. Kg2 f5 35. Re7 Kg7 36. Kg1 Kf6 37. Rc7 Ne5 38. Be2 Rf7 39.
Rxf7+ Nxf7 40. Qb8 Qe8 41. Bf1 Bd7 42. Qc7 Qd8 43. Qb7 Qc8 44. Qb2+ Ke7 45. Qg7 f4 46. gxf4 Bf5 47. a4 Qd7 48. a5 Qc8 49. Kh2 Qd7 50. Be2 Qc8 51. Bf3 Qd7 52. Bd1 Be4 53. Kg3 Qd8 54.
f5 Qh8 55. f6+ Ke8 56. Kf4 Bb1 57. Ba4+ Kd8 58. Qxf7 Qh6+ 59. Kg3 g5 60. Qd7# 1-0

[Event "Early-Titled-Tuesday-Blitz-April-23-2024"]
[Site "Chess.com"]
[Date "2024.04.23"]
[Round "11"]
[White "ProtectiveCarrot"]
[Black "EddieMarsalla"]
[Result "0-1"]
[WhiteElo "2416"]
[BlackElo "2676"]
[TimeControl "180+1"]
[EndTime "10:11:48 PDT"]
[Termination "EddieMarsalla won on time"]

1. e4 d5 2. exd5 Qxd5 3. Nc3 Qe5+ 4. Be2 c6 5. Nf3 Qc7 6. d4 Bf5 7. O-O e6 8. Ne5 Nd7 9. f4 Ngf6 10. Be3 h6 11. Bc4 O-O-O 12. Nxf7 Nb6 13. Bxe6+ Bxe6 14. Nxh8 Bf5 15. Qf3 Bd6 16. b3 Rxh8 17. a4 Bb4 18.
Na2 Ba3 19. c4 Rd8 20. Rae1 Bf8 21. Nc3 Bb4 22. Bf2 Ng4 23. Rc1 Nxf2 24. Qxf2 Nd7 25.
Rfd1 Nf6 26. Qe3 Re8 27. Qg3 Nh5 28. Qf3 Nxf4 29. Kh1 g5 30. d5 g4 31. Qf2 Bxc3 32. Rxc3 Be4 33. d6 Bxg2+ 34. Qxg2 Nxg2 35. dxc7 Nf4 36. Rf1 Nh3 37. Rg3 Kxc7 38. Rxg4 Kb6 39. Rh4 Re3 40. Rxh6 Rxb3 41. Rh7 Ng5 0-1